MLB
SEATTLE MARINERS @ SAN FRANCISCO GIANTS
05/25/2042
 
TOP OF THE 1ST
Seattle Mariners batting - Pitching for San Francisco Giants : LHP Stan Ledrew
Pitching: LHP Stan Ledrew
Batting: RHB José Castillo 0-0: Ball
1-0: Ball
2-0: Fly out, F4 (Popup, 13, EV 85.6 MPH)
Batting: RHB Ron Rowland 0-0: Ball
1-0: SINGLE (Groundball, 4M, EV 85.6 MPH)
Batting: RHB Ethan Montoya 0-0: Called Strike
0-1: Ball
1-1: Called Strike
1-2: Foul Ball, location: 2F
1-2: Strikes out swinging
Batting: RHB Whit Parkinson 0-0: Called Strike
0-1: Called Strike
0-2: Ball
1-2: Ball
Ron Rowland steals 2nd base
2-2: Ball
3-2: Foul Ball, location: 2F
3-2: Fly out, F3 (Line Drive, 34, EV 72.5 MPH)
Top of the 1st over - 0 runs, 1 hit, 0 errors, 1 left on base; Seattle 0 - San Francisco 0
BOTTOM OF THE 1ST
San Francisco Giants batting - Pitching for Seattle Mariners : RHP Luis Román
Pitching: RHP Luis Román
Batting: LHB Joe Moran 0-0: Ball
1-0: Ground out 4-3 (Groundball, 4, EV 103.8 MPH)
Batting: RHB José Medina 0-0: Called Strike
0-1: Foul Ball, location: 2F
0-2: Ball
1-2: SINGLE (Groundball, 6MS, EV 67.5 MPH) (infield hit)
Batting: RHB Luis Cortéz 0-0: Called Strike
0-1: Ball
1-1: Called Strike
José Medina steals 2nd base (no throw)
1-2: Fly out, F8 (Line Drive, 8RS, EV 86.9 MPH)
Batting: RHB Joe Silver 0-0: Swinging Strike
0-1: Foul Ball, location: 9LDF
0-2: Ball
1-2: Ball
2-2: Foul Ball, location: 2F
2-2: Strikes out swinging
Bottom of the 1st over - 0 runs, 1 hit, 0 errors, 1 left on base; Seattle 0 - San Francisco 0
TOP OF THE 2ND
Seattle Mariners batting - Pitching for San Francisco Giants : LHP Stan Ledrew
Batting: RHB Jesús Garido 0-0: Ball
1-0: Ball
2-0: Foul Ball, location: 2F
2-1: Ball
3-1: Called Strike
3-2: Base on Balls
Batting: RHB José Díaz 0-0: Called Strike
0-1: Foul Ball, location: 9LMF
0-2: Foul Ball, location: 9LSFF
0-2: Foul Ball, location: 2F
0-2: Ball
1-2: Fly out, F9 (Line Drive, 89M, EV 90.6 MPH)
Batting: SHB Jesús Cortéz 0-0: Swinging Strike
0-1: Ball
1-1: Fly out, F9 (Flyball, 89S, EV 86.9 MPH)
Batting: LHB Robbie Lucas 0-0: Called Strike
0-1: Ball
1-1: Foul Ball, location: 3F
1-2: Strikes out looking
Top of the 2nd over - 0 runs, 0 hits, 0 errors, 1 left on base; Seattle 0 - San Francisco 0
BOTTOM OF THE 2ND
San Francisco Giants batting - Pitching for Seattle Mariners : RHP Luis Román
Batting: LHB Jeremy Price 0-0: Ball
1-0: Swinging Strike
1-1: Called Strike
1-2: Fly out, F6 (Popup, 6M, EV 69.4 MPH)
Batting: RHB José Solís 0-0: Called Strike
0-1: Foul Ball, location: 9LSF
0-2: Ball
1-2: Fly out, F9 (Flyball, 9LD, EV 93.1 MPH)
Batting: LHB Jim Beard 0-0: Ball
1-0: Ball
2-0: Ball
3-0: Called Strike
3-1: Ground out 6-3 (Groundball, 6, EV 103.8 MPH)
Bottom of the 2nd over - 0 runs, 0 hits, 0 errors, 0 left on base; Seattle 0 - San Francisco 0
TOP OF THE 3RD
Seattle Mariners batting - Pitching for San Francisco Giants : LHP Stan Ledrew
Batting: RHB Bob Nelson 0-0: Ball
1-0: Foul Ball, location: 7LMF
1-1: Ball
2-1: Foul Ball, location: 7LMF
2-2: SINGLE (Groundball, 6MS, EV 73.8 MPH) (infield hit)
Batting: RHB José Castillo 0-0: Ball
1-0: TRIPLE (Line Drive, 78D, EV 105.0 MPH)
Bob Nelson scores
Batting: RHB Ron Rowland 0-0: Ball
1-0: Ball
2-0: Foul Ball, location: 7LMF
2-1: Fly out, F8 (Line Drive, 8LM, EV 101.9 MPH)
Runner from 3rd tags up, SCORES, no throw by CF
Batting: RHB Ethan Montoya 0-0: Ball
1-0: Foul Ball, location: 23FF
1-1: Ball
2-1: Ball
3-1: Foul Ball, location: 9LSF
3-2: Fly out, F8 (Line Drive, 8RM, EV 93.1 MPH)
Batting: RHB Whit Parkinson 0-0: Called Strike
0-1: Swinging Strike
0-2: Ball
1-2: Ball
2-2: Ball
3-2: Base on Balls
Batting: RHB Jesús Garido 0-0: Foul Ball, location: 3FF
0-1: Ball
1-1: Swinging Strike
1-2: Strikes out swinging
Top of the 3rd over - 2 runs, 2 hits, 0 errors, 1 left on base; Seattle 2 - San Francisco 0
BOTTOM OF THE 3RD
San Francisco Giants batting - Pitching for Seattle Mariners : RHP Luis Román
Batting: RHB Dave Kondo 0-0: Fly out, F7 (Flyball, 78M, EV 83.1 MPH)
Batting: LHB Johnny Reed 0-0: Ball
1-0: Ball
2-0: Ball
3-0: Called Strike
3-1: Fly out, F9 (Flyball, 89S, EV 81.3 MPH)
Batting: LHB Joe Moran 0-0: Ball
1-0: Ball
2-0: Foul Ball, location: 3F
2-1: Ball
3-1: Base on Balls
Batting: RHB José Medina 0-0: Ball
Joe Moran steals 2nd base
1-0: Foul Ball, location: 2F
1-1: Ball
2-1: Fly out, F6 (Line Drive, 6, EV 69.4 MPH)
Bottom of the 3rd over - 0 runs, 0 hits, 0 errors, 1 left on base; Seattle 2 - San Francisco 0
TOP OF THE 4TH
Seattle Mariners batting - Pitching for San Francisco Giants : LHP Stan Ledrew
Batting: RHB José Díaz 0-0: Called Strike
0-1: Swinging Strike
0-2: Ground out 1-3 (Groundball, 15S, EV 75.0 MPH)
Batting: SHB Jesús Cortéz 0-0: Called Strike
0-1: Ball
1-1: Called Strike
1-2: Ground out 6-3 (Groundball, 6, EV 101.3 MPH)
Batting: LHB Robbie Lucas 0-0: Ball
1-0: Called Strike
1-1: Foul Ball, location: 5F
1-2: SINGLE (Line Drive, 6MD, EV 96.3 MPH)
Batting: RHB Bob Nelson 0-0: Ball
1-0: Called Strike
1-1: Called Strike
1-2: Foul Ball, location: 2F
1-2: Strikes out swinging
Top of the 4th over - 0 runs, 1 hit, 0 errors, 1 left on base; Seattle 2 - San Francisco 0
BOTTOM OF THE 4TH
San Francisco Giants batting - Pitching for Seattle Mariners : RHP Luis Román
Batting: RHB Luis Cortéz 0-0: Called Strike
0-1: Called Strike
0-2: Strikes out looking
Batting: RHB Joe Silver 0-0: Ball
1-0: Called Strike
1-1: Ball
2-1: SINGLE (Line Drive, 3D, EV 98.1 MPH)
Batting: LHB Jeremy Price 0-0: Called Strike
Joe Silver steals 2nd base
0-1: Ball
1-1: Fly out, F8 (Flyball, 89D, EV 101.9 MPH)
Runner from 2nd tags up, SAFE at 3rd, no throw by CF
Batting: RHB José Solís 0-0: Called Strike
0-1: Foul Ball, location: 9LSF
0-2: Ball
1-2: Strikes out swinging
Bottom of the 4th over - 0 runs, 1 hit, 0 errors, 1 left on base; Seattle 2 - San Francisco 0
TOP OF THE 5TH
Seattle Mariners batting - Pitching for San Francisco Giants : LHP Stan Ledrew
Batting: RHB José Castillo 0-0: Ball
1-0: Foul Ball, location: 3F
1-1: Ground out 3-1 (Groundball, 34, EV 106.9 MPH)
Batting: RHB Ron Rowland 0-0: Ball
1-0: Called Strike
1-1: Foul Ball, location: 5F
1-2: Foul Ball, location: 7LSF
1-2: Strikes out swinging
Batting: RHB Ethan Montoya 0-0: Ball
1-0: Ball
2-0: Called Strike
2-1: Foul Ball, location: 23F
2-2: Strikes out looking
Top of the 5th over - 0 runs, 0 hits, 0 errors, 0 left on base; Seattle 2 - San Francisco 0
BOTTOM OF THE 5TH
San Francisco Giants batting - Pitching for Seattle Mariners : RHP Luis Román
Batting: LHB Jim Beard 0-0: Called Strike
0-1: SINGLE (Line Drive, 56, EV 94.4 MPH)
Batting: RHB Dave Kondo 0-0: Fly out, F4 (Line Drive, 4, EV 62.5 MPH)
Batting: LHB Johnny Reed 0-0: Ball
1-0: Ball
2-0: Ball
3-0: Called Strike
3-1: Called Strike
3-2: DOUBLE (Line Drive, 9LD, EV 110.6 MPH)
Jim Beard to third
Jim Beard scores
Batting: LHB Joe Moran 0-0: Ball
1-0: Swinging Strike
1-1: Fly out, F8 (Flyball, 8LM, EV 88.8 MPH)
Batting: RHB José Medina 0-0: Foul Ball, location: 9LMF
0-1: Ball
1-1: Foul Ball, location: 23FF
1-2: Strikes out looking
Bottom of the 5th over - 1 run, 2 hits, 0 errors, 1 left on base; Seattle 2 - San Francisco 1
TOP OF THE 6TH
Seattle Mariners batting - Pitching for San Francisco Giants : LHP Stan Ledrew
Batting: RHB Whit Parkinson 0-0: Ball
1-0: Ball
2-0: Ball
3-0: Called Strike
3-1: Called Strike
3-2: SINGLE (Line Drive, 7S, EV 108.8 MPH)
Batting: RHB Jesús Garido 0-0: Ball
1-0: SINGLE (Groundball, 34, EV 107.5 MPH)
Whit Parkinson to second
Runner from 2nd tries for 3rd, SAFE, throw by RF made to third
Batting: RHB José Díaz 0-0: Ball
1-0: Ball
2-0: Ball
3-0: Base on Balls
Jesús Garido to second
Pitching: RHP Steve Barlow
Batting: SHB Jesús Cortéz 0-0: Called Strike
0-1: Swinging Strike
0-2: Ball
1-2: SINGLE (Groundball, 6MD, EV 95.0 MPH)
Whit Parkinson scores
Jesús Garido to third
José Díaz to second
Batting: LHB Robbie Lucas 0-0: Ball
1-0: Swinging Strike
1-1: Ball
2-1: DOUBLE (Line Drive, 3D, EV 103.1 MPH)
Jesús Garido scores
José Díaz scores
Jesús Cortéz to third
Runner from 3rd tries for Home, SAFE, throw by RF to trailing runner, SAFE at third!
Batting: RHB Bob Nelson 0-0: Swinging Strike
0-1: Swinging Strike
0-2: Strikes out looking
Batting: RHB José Castillo 0-0: Ball
1-0: SINGLE (Flyball, 8LS, EV 95.6 MPH)
Robbie Lucas scores
Batting: RHB Ron Rowland 0-0: Called Strike
0-1: Ball
1-1: Called Strike
1-2: Foul Ball, location: 9LMFF
1-2: Fly out, F9 (Flyball, 9LM, EV 73.1 MPH)
Batting: RHB Ethan Montoya 0-0: Ball
1-0: Ball
2-0: Swinging Strike
2-1: Swinging Strike
2-2: Ball
3-2: Fly out, F7 (Flyball, 78S, EV 90.6 MPH)
Top of the 6th over - 5 runs, 5 hits, 0 errors, 1 left on base; Seattle 7 - San Francisco 1
BOTTOM OF THE 6TH
San Francisco Giants batting - Pitching for Seattle Mariners : RHP Luis Román
Batting: RHB Luis Cortéz 0-0: Swinging Strike
0-1: Swinging Strike
0-2: Strikes out swinging
Batting: RHB Joe Silver 0-0: Called Strike
0-1: DOUBLE (Line Drive, 7LS, EV 91.3 MPH)
Batting: LHB Jeremy Price 0-0: Called Strike
0-1: Ball
1-1: Ball
2-1: Swinging Strike
2-2: Ball
3-2: Fly out, F9 (Flyball, 89M, EV 77.5 MPH)
Batting: RHB José Solís 0-0: Ball
1-0: Ball
2-0: Called Strike
2-1: Ball
3-1: Called Strike
3-2: Base on Balls
Batting: LHB Jim Beard 0-0: Ball
1-0: Fly out, F7 (Line Drive, 7D, EV 93.8 MPH)
Bottom of the 6th over - 0 runs, 1 hit, 0 errors, 2 left on base; Seattle 7 - San Francisco 1
TOP OF THE 7TH
Seattle Mariners batting - Pitching for San Francisco Giants : RHP Steve Barlow
Batting: RHB Whit Parkinson 0-0: Called Strike
0-1: Ball
1-1: Ball
2-1: Foul Ball, location: 5SF
2-2: Foul Ball, location: 2F
2-2: Foul Ball, location: 7LMF
2-2: Strikes out looking
Batting: RHB Jesús Garido 0-0: Ground out 5-3 (Groundball, 5S, EV 81.9 MPH)
Batting: RHB José Díaz 0-0: Called Strike
0-1: Ground out 5-3 (Groundball, 56, EV 84.4 MPH)
Top of the 7th over - 0 runs, 0 hits, 0 errors, 0 left on base; Seattle 7 - San Francisco 1
BOTTOM OF THE 7TH
San Francisco Giants batting - Pitching for Seattle Mariners : RHP Luis Román
Now at 1B: Kevin Cooper
Batting: RHB Dave Kondo 0-0: Ball
1-0: Ground out 6-3 (Groundball, 6M, EV 104.4 MPH)
Batting: LHB Johnny Reed 0-0: Ball
1-0: Foul Ball, location: 2F
1-1: Ball
2-1: SINGLE (Groundball, 4S, EV 68.8 MPH) (infield hit)
Batting: LHB Joe Moran 0-0: Called Strike
0-1: Foul Ball, location: 2LF
0-2: Ball
1-2: Ball
2-2: Foul Ball, location: 7LSF
2-2: Foul Ball, location: 2F
2-2: Ball
3-2: DOUBLE (Line Drive, 78D, EV 110.6 MPH)
Johnny Reed to third
Runner from 3rd tries for Home, SAFE, no throw by CF
Batting: RHB José Medina 0-0: Ball
1-0: Called Strike
Joe Moran steals 3rd base
1-1: Ball
2-1: Ground out 4-3 (Groundball, 4M, EV 108.1 MPH)
Joe Moran scores
Batting: RHB Luis Cortéz 0-0: Fly out, F3 (Line Drive, 34, EV 100.0 MPH)
Bottom of the 7th over - 2 runs, 2 hits, 0 errors, 0 left on base; Seattle 7 - San Francisco 3
TOP OF THE 8TH
Seattle Mariners batting - Pitching for San Francisco Giants : RHP Steve Barlow
Pitching: RHP Jorge Cisneros
Batting: SHB Jesús Cortéz 0-0: Fly out, F7 (Flyball, 7D, EV 104.4 MPH)
Batting: LHB Robbie Lucas 0-0: Foul Ball, location: 7LSF
0-1: Ball
1-1: Foul Ball, location: 5DF
1-2: Strikes out looking
Batting: RHB Bob Nelson 0-0: Ball
1-0: Ball
2-0: Swinging Strike
2-1: Foul Ball, location: 23F
2-2: Foul Ball, location: 5SF
2-2: Foul Ball, location: 9LMF
2-2: Foul Ball, location: 7LSF
2-2: Foul Ball, location: 25F
2-2: Strikes out swinging
Top of the 8th over - 0 runs, 0 hits, 0 errors, 0 left on base; Seattle 7 - San Francisco 3
BOTTOM OF THE 8TH
San Francisco Giants batting - Pitching for Seattle Mariners : RHP Luis Román
Batting: RHB Joe Silver 0-0: Ball
1-0: Fly out, F8 (Line Drive, 8LD, EV 101.9 MPH)
Pitching: RHP Jonathan Matthews
Batting: LHB Jeremy Price 0-0: Ball
1-0: Foul Ball, location: 7LSF
1-1: Foul Ball, location: 7LSF
1-2: Foul Ball, location: 7LDF
1-2: Strikes out swinging
Batting: RHB José Solís 0-0: Called Strike
0-1: Foul Ball, location: 23F
0-2: Ball
1-2: Foul Ball, location: 2F
1-2: Ball
2-2: SINGLE (Groundball, 6MD, EV 108.1 MPH)
Batting: LHB Jim Beard 0-0: Swinging Strike
0-1: Foul Ball, location: 2F
0-2: Fly out, F9 (Flyball, 9LSF, EV 86.9 MPH)
Bottom of the 8th over - 0 runs, 1 hit, 0 errors, 1 left on base; Seattle 7 - San Francisco 3
TOP OF THE 9TH
Seattle Mariners batting - Pitching for San Francisco Giants : RHP Jorge Cisneros
Batting: RHB José Castillo 0-0: Called Strike
0-1: Fly out, F8 (Flyball, 89D, EV 110.6 MPH)
Batting: RHB Ron Rowland 0-0: Ball
1-0: Ball
2-0: SINGLE (Line Drive, 9LS, EV 103.1 MPH)
Pitching: RHP Sergio Rebolloso
Batting: RHB Ethan Montoya 0-0: Ball
Ron Rowland steals 2nd base
1-0: Ball
2-0: Ball
3-0: Base on Balls
Batting: RHB Whit Parkinson 0-0: Ball
1-0: Ball
2-0: Foul Ball, location: 2F
2-1: Ball
3-1: Swinging Strike
3-2: Grounds into double play, 6-4-3 (Groundball, 6, EV 110.0 MPH)
Top of the 9th over - 0 runs, 1 hit, 0 errors, 1 left on base; Seattle 7 - San Francisco 3
BOTTOM OF THE 9TH
San Francisco Giants batting - Pitching for Seattle Mariners : RHP Jonathan Matthews
Batting: RHB Dave Kondo 0-0: Ball
1-0: Called Strike
1-1: Ground out 5-3 (Groundball, 56, EV 85.0 MPH)
Batting: LHB Johnny Reed 0-0: Ball
1-0: Called Strike
1-1: Called Strike
1-2: Ball
2-2: Hit by Pitch
Batting: LHB Joe Moran 0-0: Called Strike
0-1: Ball
1-1: Ball
2-1: Ball
3-1: Called Strike
3-2: SINGLE (Line Drive, 6MD, EV 96.3 MPH)
Johnny Reed to second
Pitching: RHP Jarred Haig
Batting: RHB José Medina 0-0: Ball
1-0: Ball
2-0: Called Strike
2-1: Foul Ball, location: 9LMFF
2-2: Ball
3-2: Strikes out swinging
Batting: LHB Jorge Apodaca 0-0: Ball
1-0: Called Strike
1-1: Ball
2-1: Ground out 6-3 (Groundball, 6M, EV 91.3 MPH)
Bottom of the 9th over - 0 runs, 1 hit, 0 errors, 2 left on base; Seattle 7 - San Francisco 3
Friday, May 3rd , 2024 - OOTP Baseball 24.10 Build 82